 Dungeon Crawl Stone Soup version 0.30.1 (webtiles) character file.

Game seed: 9057409723778619394

25 safid the Chiller (level 3, -3/26 HPs)
             Began as a Merfolk Ice Elementalist on July 10, 2023.
             Killed from afar by Natasha (8 damage)
             ... with a magic dart
             ... on level 2 of the Dungeon.
             The game lasted 00:00:54 (1144 turns).

safid the Chiller (Merfolk Ice Elementalist)        Turns: 1144, Time: 00:00:54

Health: -3/26      AC:  2    Str:  8    XL:     3   Next: 4%
Magic:  0/6        EV: 12    Int: 16    God:
Gold:   47         SH:  0    Dex: 14    Spells: 5/6 levels left

rFire   . . .        e - +0 whip
rCold   . . .        (no shield)
rNeg    . . .        a - +0 robe
rPois   .            (no helmet)
rElec   .            (no cloak)
rCorr   .            (no gloves)
SInv    .            (no boots)
Will    .....        (no amulet)
Stlth   ++           (no ring)
HPRegen 0.24/turn    (no ring)
MPRegen 0.10/turn

%: no passive effects
@: no status effects
A: (nimble swimmer 2), mertail
a: no special abilities


You were on level 2 of the Dungeon.
You visited 1 branch of the dungeon, and saw 2 of its levels.

You collected 47 gold pieces.

Inventory:

Hand Weapons
 e - a +0 whip (weapon)
Armour
 a - a +0 robe (worn)
Scrolls
 d - a scroll of noise {unknown}
 f - a scroll of fear {unknown}
 g - 3 scrolls of identify {unknown}
 h - a scroll of blinking {unknown}
 i - a scroll of torment {unknown}
Potions
 b - a potion of magic
 c - a potion of brilliance {unknown}
 j - a potion of curing {unknown}
 k - a potion of lignification {unknown}


   Skills:
 + Level 1.4 Fighting
 - Level 2.6 Dodging
 - Level 2.1 Stealth
 + Level 2.4 Spellcasting
 + Level 4.7 Ice Magic


You had 5 spell levels left.
You knew the following spells:

 Your Spells              Type           Power      Damage    Failure   Level
a - Freeze                Ice            68%        1d8       2%          1

Your spell library contained the following spells:

 Spells                   Type           Power      Damage    Failure   Level
 Frozen Ramparts          Ice            34%        1d6       9%          3
 Ozocubu's Armour         Ice            17%        N/A       9%          3
 Summon Ice Beast         Ice/Summ       9%         N/A       58%         4


Dungeon Overview and Level Annotations

Branches:
Dungeon (2/15)

Altars:

Annotations:
D:2 Natasha


Innate Abilities, Weirdness & Mutations

((You are very nimble when in or above water. (Stealth+, EV+, Speed+++)))
Your lower body shifts to a powerful aquatic tail in water.


Message History

You kill the rat!
Natasha stares at you and mumbles some strange words.
The magic dart hits you.
You barely miss Natasha. Natasha closely misses you.
You barely miss Natasha. Natasha claws you.
Casting: Freeze (safe; 2% risk of failure)
Confirm with . or Enter, or press ? or * to list all spells.
Aiming: Freeze (safe; 2% risk of failure)
Press: ? - help, Shift-Dir - straight line, f - Natasha
Aim: Natasha You freeze Natasha!
Natasha is heavily wounded.
Natasha completely misses you.
Unknown command.
Casting: Freeze (safe; 2% risk of failure)
Confirm with . or Enter, or press ? or * to list all spells.
Aiming: Freeze (safe; 2% risk of failure)
Press: ? - help, Shift-Dir - straight line, f/p - Natasha
Aim: Natasha (heavily wounded)
You freeze Natasha.
Natasha is heavily wounded.
Natasha claws you.
Unknown command.
Casting: Freeze (safe; 2% risk of failure)
Confirm with . or Enter, or press ? or * to list all spells.
Aiming: Freeze (safe; 2% risk of failure)
Press: ? - help, Shift-Dir - straight line, f/p - Natasha
Aim: Natasha (heavily wounded)
You freeze Natasha.
Natasha is almost dead.
Natasha claws you.
* * * LOW HITPOINT WARNING * * *
You hit Natasha but do no damage.
Natasha is almost dead.
Natasha mumbles some strange words.
You hit Natasha.
Natasha is almost dead.
Natasha stares at you and mumbles some strange words.
The magic dart hits you!
You die...

### ....
###########....
####..............
...........$.(....
#..............
#####.............
#...#.....@....... ..
#.8.#......h5.....
>.###...####.######...
.............# .
#........⌠...#
#............#
#.......######
.....[..# ........###


You could see Natasha and a cerulean imp (summoned).

Vanquished Creatures
  An adder (D:2)
  2 bats (D:1)
  3 endoplasms (D:1)
  A hobgoblin (D:1)
  A quokka (D:1)
  3 kobolds (D:1)
  5 rats
16 creatures vanquished.

Notes
Turn   | Place    | Note
-------+----------+-------------------------------------------
     0 | D:1      | safid the Merfolk Ice Elementalist began the quest for the
                  | Orb.
     0 | D:1      | Reached XP level 1. HP: 13/13 MP: 3/3
   294 | D:1      | Reached XP level 2. HP: 11/20 MP: 3/5
   494 | D:1      | Reached skill level 1 in Fighting
  1134 | D:2      | Reached XP level 3. HP: 22/26 MP: 3/6
  1134 | D:2      | Noticed Natasha
  1144 | D:2      | Killed from afar by Natasha

Illustrated notes

Levels and vault maps discovered:
D:1:      shiori_arrival_oz, layout_basic
D:2:      layout_basic, serial_shops, nicolae_shop_peninsula, shop, shop,
          nicolae_elevator_lobby_asterisk, uniq_natasha

Skill      XL: |  1  2 |
---------------+-------+-----
Fighting       | 1 |  1.4
Dodging        | |  2.6
Stealth        | |  2.1
Spellcasting   | |  2.4
Ice Magic      | |  4.7

Action                     || total
---------------------------++-------
  Melee: Whip              ||    48
   Cast: Freeze            ||    13
   Stab: Sleeping          ||     2
 Armour: Robe              ||    12
  Dodge: Dodged            ||    40
